 Dungeon Crawl Stone Soup version 0.28-a0-413-gde365fb1df (webtiles) character file.

Game seed: 6115435445041627851

435 robertstho the Chopper (level 6, 0/56 HPs)
             Began as a Minotaur Berserker on Sept 7, 2021.
             Was a Priest of Trog.
             Killed by divine providence
             ... invoked by an orc priest
              (16 damage)
             ... on level 4 of the Dungeon.
             The game lasted 00:03:12 (3230 turns).

robertstho the Chopper (Minotaur Berserker)         Turns: 3230, Time: 00:03:12

Health: 0/56       AC: 13    Str: 22    XL:     6   Next: 68%
Magic:  5/5        EV: 11    Int:  5    God:    Trog [***...]
Gold:   1264       SH:  0    Dex: 10    Spells: 5/5 levels left

rFire   . . .      SeeInvis +   a - +0 hand axe
rCold   . . .      Faith    .   (no shield)
rNeg    . . .      Spirit   .   f - +0 plate armour
rPois   .          Reflect  .   (helmet restricted)
rElec   .          Harm     .   (no cloak)
rCorr   .          Rampage  .   (no gloves)
Will    ++...                   b - +0 pair of boots
Stlth   ..........              (no amulet)
HPRegen 1.18/turn               e - ring of see invisible
MPRegen 0.09/turn               g - +4 ring of evasion

@: strong-willed, on berserk cooldown, regenerating, slowed, very slow
A: horns 2, retaliatory headbutt
a: Renounce Religion, Berserk, Trog's Hand


You were on level 4 of the Dungeon.
You worshipped Trog.
Trog was most pleased with you.
You visited 1 branch of the dungeon, and saw 4 of its levels.

You collected 1264 gold pieces.

Inventory:

Hand Weapons
 a - a +0 hand axe (weapon)
Armour
 b - a +0 pair of boots (worn)
 f - a +0 plate armour (worn)
Jewellery
 e - a ring of see invisible (left hand)
 g - a +4 ring of evasion (right hand)
Wands
 j - a wand of polymorph (6)
Scrolls
 c - 2 scrolls of teleportation
 d - 2 scrolls of fear
 h - a scroll of identify
Potions
 k - 2 potions of curing {unknown}
 l - a potion of ambrosia {unknown}


   Skills:
 * Level 5.5 Fighting
 + Level 6.1 Axes
 * Level 5.5 Armour
 + Level 2.6 Dodging


You had 5 spell levels left.
You didn't know any spells.
Your spell library was empty.

Dungeon Overview and Level Annotations

Branches:
Dungeon (4/15)
 Temple: D:4-7

Altars:
Yredelemnul


Innate Abilities, Weirdness & Mutations

You have a pair of horns on your head.
You reflexively headbutt those who attack you in melee.


Message History

You are confused.
You barely miss the orc wizard. Your headbutt misses the orc wizard.
The orc wizard is heavily wounded.
You miss the orc wizard.
The orc wizard is heavily wounded.
The orc wizard hits you but does no damage.
You miss the orc wizard. Your headbutt misses the orc wizard.
The orc wizard is heavily wounded.
You hit the orc priest.
The orc wizard hits you but does no damage.
You're too confused to move!
You hit the orc priest but do no damage.
Your headbutt misses the orc priest.
The orc priest is lightly wounded.
You hit the orc.
Your plate armour prevents you from hitting the orc wizard.
The orc priest hits you but does no damage.
The orc hits you but does no damage.
The orc wizard hits you but does no damage.
The orc priest closely misses you.
You see here 10 stones.
Unknown command.
You feel a strong urge to attack something.
You feel less confused.
You are no longer berserk.
You are exhausted.
You feel yourself slow down. The orc hits you but does no damage.
You see here 10 stones.
You hit the orc but do no damage. You hit the orc.
You kill the orc!
Trog accepts your kill.
You hit the orc priest. The orc priest hits you with a +0 mace.
Your skin crawls.
You feel strong-willed.
The orc priest calls down the wrath of Beogh upon you.
Beogh smites you!
* * * LOW HITPOINT WARNING * * *
The orc priest invokes the aid of Beogh against you.
Beogh smites you!
You die...

?... #..# #.. #..
### #..# #.
...##.## #.)# #.
#....#####..####..
#............##...
#................#
#....#..........##
##
#...##.....#....##
#..#
##@o####.....).....
#...#oo##
#...........
#.....)#
#............
#......#
#..####....#.
##...$.# ....#
##._##. ###.... .#.
#..#### ##...# #...
# #..## .... #.##


You could see an orc priest, an orc wizard and an orc.

Vanquished Creatures
  A necrophage (D:3)
  A water moccasin zombie (D:4)
  A bullfrog zombie (D:4)
  An iguana (D:4)
  A hound zombie (D:4)
  Robin (D:2)
  8 gnolls
  4 adders
  4 worms
  8 orcs
  5 endoplasms
  2 giant cockroaches
  12 goblins
  9 hobgoblins
  10 kobolds
  2 quokkas
  5 ball pythons
  10 bats
  4 frilled lizards
  8 rats
97 creatures vanquished.

Notes
Turn   | Place    | Note
-------+----------+-------------------------------------------
     0 | D:1      | robertstho the Minotaur Berserker began the quest for the
                  | Orb.
     0 | D:1      | Reached XP level 1. HP: 19/19 MP: 0/0
    44 | D:1      | Reached XP level 2. HP: 19/27 MP: 1/1
   478 | D:1      | Reached skill level 4 in Axes
  1085 | D:2      | Reached XP level 3. HP: 25/34 MP: 2/2
  1225 | D:2      | Reached XP level 4. HP: 38/41 MP: 3/3
  1605 | D:2      | Reached ** piety under Trog
  1634 | D:2      | Noticed Robin
  1647 | D:2      | Killed Robin
  1959 | D:2      | Reached skill level 5 in Fighting
  2140 | D:3      | Reached XP level 5. HP: 48/48 MP: 4/4
  2162 | D:3      | Noticed a necrophage
  2171 | D:3      | Killed a necrophage
  2172 | D:3      | Reached skill level 5 in Axes
  2440 | D:2      | Identified a scroll of acquirement
  2442 | D:2      | Acquired 1131 gold pieces
  2476 | D:3      | Reached XP level 6. HP: 56/56 MP: 5/5
  2624 | D:3      | Reached *** piety under Trog
  3049 | D:3      | Found a faded altar of an unknown god.
  3120 | D:4      | Reached skill level 5 in Armour
  3125 | D:4      | Reached skill level 6 in Axes
  3179 | D:4      | Found a basalt altar of Yredelemnul.
  3230 | D:4      | Killed from afar by an orc priest

Illustrated notes

Levels and vault maps discovered:
D:1:      dpeg_arrival_round_a, layout_basic
D:2:      layout_basic, minmay_door_square, uniq_robin
D:3:      minmay_chambers_of_twos, layout_loops_ring,
          chequers_ecumenical_altar_lobes
D:4:      layout_layer_cave, overflow_temple_1_default, serial_undead,
          serial_undead_c, serial_undead_d, serial_undead_d, serial_undead_e,
          serial_undead_f, serial_undead_a, serial_undead_c

Skill      XL: |  1  2  3  4  5  6 |
---------------+-------------------+-----
Fighting       | 4 5 |  5.5
Axes           | 4 5 6 |  6.1
Armour         | 3 4 5 |  5.5
Dodging        | |  2.6

Action                   |  1- 3 |  4- 6 || total
-------------------------+-------+-------++-------
Melee: Hand axe          |    45 |   162 ||   207
       Headbutt          |     6 |    18 ||    24
Invok: Berserk           |     1 |     3 ||     4
       Trog's Hand       |       |     1 ||     1
  Use: Scroll            |       |     5 ||     5
Armor: Animal skin       |     1 |       ||     1
       Plate armour      |    25 |   110 ||   135
Dodge: Dodged            |    21 |    76 ||    97

Table legend: (Time is in decaauts)
 A = Elapsed time spent in this place.
 B = Non-inter-level travel time spent in this place.
 C = Inter-level travel time spent in this place.
 D = Time resting spent in this place.
 E = Time spent auto-exploring this place.
 F = Levels seen in this place.
 G = Mean time per level.
                   A        B        C        D        E       F      G
               +--------+--------+--------+--------+--------+-----+--------+
         Total |   3251 |   3145 |    106 |    306 |   2325 |   4 |  812.8 |
       Dungeon |   3251 |   3145 |    106 |    306 |   2325 |   4 |  812.8 |
               +--------+--------+--------+--------+--------+-----+--------+

Top non-repeatable levels by time:
     D:2: 1271 daAuts
     D:1: 1054 daAuts
     D:3: 800 daAuts
     D:4: 125 daAuts
